Map: Emerald City LE

Players

BuRoMaN

  • Race: Protoss Protoss
  • League: Platinum
  • Spawn Location: 5:00

ELPuErCo

  • Race: Zerg Zerg
  • League: Platinum
  • Spawn Location: 5:00

Massa - Winner!

  • Race: Terran Terran
  • League: Gold
  • Spawn Location: 11:00

qqq - Winner!

  • Race: Zerg Zerg
  • League: Platinum
  • Spawn Location: 11:00

VOD

Have the link to the VOD?

Description

Time

  • Played on: May 15, 2020, 4:28 p.m.
  • Length: 5:01
Show
View Real Time Build Order
Export as new Build Order

BuRoMaN Protoss 

Build Orders:  

Get SALT Encoding   

  12  0:01  Probe (Chrono Boost)  
  13  0:10  Probe (Chrono Boost)  
  14  0:15  Probe (Chrono Boost)  
  15  0:25  Pylon  
  15  0:36  Assimilator  
  15  0:46  Gateway  
  15  0:48  Probe  
  16  1:00  Probe (Chrono Boost)  
  18  1:11  Probe (Chrono Boost)  
  18  1:12  Assimilator  
  18  1:16  Probe (Chrono Boost)  
  19  1:29  Probe  
  20  1:37  Cybernetics Core  
  20  1:41  Probe  
  21  1:53  Probe  
  22  2:00  Gateway  
  21  2:05  Probe (Chrono Boost), Gateway  
  23  2:16  Probe (Chrono Boost)  
  23  2:19  Stargate  
  23  2:27  Pylon  
  23  2:45  Probe  
  23  2:47  Stalker  
  23  2:48  Stalker  
  28  2:52  Stalker  
  30  2:58  Pylon  
  30  3:15  Void Ray (Chrono Boost)  
  30  3:19  Stalker  
  36  3:28  Sentry  
  36  3:33  Probe  
  39  3:36  Pylon  
  39  3:50  Pylon  
  39  3:54  Probe, Stalker  
  42  4:06  Probe  
  42  4:09  Stalker x2  
  44  4:23  Stalker  
Show
View Real Time Build Order
Export as new Build Order

ELPuErCo Zerg 

Build Orders: Hatch First 

Get SALT Encoding   

  12  0:01  Drone  
  13  0:14  Overlord  
  13  0:19  Drone  
  14  0:33  Drone x2  
  16  0:37  Drone  
  17  0:57  Extractor  
  17  0:58  Drone  
  17  1:00  Hatchery  
  17  1:02  Drone  
  17  1:17  Spawning Pool  
  16  1:19  Drone  
  17  1:40  Drone x2  
  17  1:41  Drone  
  20  1:55  Overlord  
  20  2:04  Metabolic Boost  
  20  2:08  Extractor  
  20  2:14  Queen x2  
  23  2:16  Drone x2  
  23  2:18  Zergling x2  
  26  2:29  Drone  
  27  2:30  Zergling x2  
  28  2:38  Baneling Nest  
  28  2:41  Zergling x4  
  29  3:00  Drone x4  
  29  3:05  Lair  
  33  3:21  Drone x3  
  34  3:35  Zergling x2  
  34  3:38  Overlord  
  35  3:45  Baneling x5  
  35  3:56  Queen, Zergling x4  
  35  3:57  Zergling x4  
  35  4:02  Zergling x2  
  39  4:03  Zergling x2  
  38  4:11  Zergling x4  
  34  4:25  Zergling x2  
  34  4:31  Zergling x4  
Show
View Real Time Build Order
Export as new Build Order

Massa Terran - Winner!

Build Orders:  

Get SALT Encoding   

  12  0:11  Supply Depot  
  12  0:13  SCV  
  13  0:25  SCV  
  14  0:34  Barracks  
  14  0:37  SCV  
  15  0:50  Barracks  
  15  0:59  SCV  
  16  1:05  Supply Depot  
  16  1:11  SCV  
  17  1:23  SCV  
  18  1:28  Barracks  
  18  1:29  Marine  
  19  1:41  Marine  
  19  1:42  Barracks  
  20  1:54  Refinery  
  20  1:57  Orbital Command  
  20  2:01  Marine  
  21  2:10  Marine  
  22  2:18  Marine  
  23  2:30  Marine x3  
  23  2:36  Marine  
  27  2:41  Supply Depot  
  27  2:46  Supply Depot  
  27  2:48  Marine x2  
  29  2:52  Marine, Supply Depot  
  29  2:54  Marine  
  31  3:06  Marine x2  
  31  3:10  SCV, Marine  
  35  3:18  Marine  
  36  3:23  Marine x2  
  38  3:27  SCV  
  39  3:35  Marine  
  39  3:36  Marine  
  41  3:41  Marine x2  
  43  3:53  Marine  
  44  3:58  Factory  
  35  4:33  Marine x4  
Show
View Real Time Build Order
Export as new Build Order

qqq Zerg - Winner!

Build Orders: Hatch First 

Get SALT Encoding   

  12  0:02  Drone  
  13  0:08  Drone  
  14  0:38  Hatchery  
  13  0:51  Spawning Pool  
  12  1:02  Overlord  
  12  1:03  Drone  
  13  1:07  Drone  
  13  1:10  Extractor  
  13  1:24  Drone  
  14  1:26  Drone  
  15  1:39  Drone  
  16  1:40  Queen  
  18  1:49  Queen  
  20  1:54  Zergling x2  
  20  1:58  Drone  
  22  2:02  Drone  
  22  2:06  Drone  
  24  2:10  Zergling x2  
  25  2:19  Metabolic Boost  
  25  2:23  Drone  
  25  2:28  Overlord  
  26  2:33  Zergling x2  
  27  2:40  Baneling Nest  
  27  2:42  Drone  
  27  2:45  Zergling x2  
  28  2:57  Zergling x4  
  28  2:58  Zergling x2  
  31  2:59  Drone  
  31  3:01  Zergling x2  
  33  3:11  Zergling x2  
  33  3:12  Zergling x2  
  35  3:23  Zergling x2  
  35  3:25  Overlord  
  35  3:26  Overlord  
  36  3:31  Baneling  
  36  3:46  Zergling x6  
  36  3:47  Zergling x6  
  36  3:48  Zergling x2  
  39  4:03  Zergling x2  
  39  4:04  Zergling x6  
  39  4:17  Zergling x4  
  39  4:18  Zergling x8  
  44  4:30  Zergling x2  
  44  4:31  Zergling x2  
  44  4:37  Zergling x2  
Tags
 
Add a new tag
Caveats
  • Supply blocks, unpowered buildings, or Contaminate may cause inaccurate times.
  • Supply counts are checked every 10 seconds.